 Dungeon Crawl Stone Soup version 0.29-a0-559-g359e09b9d1 (webtiles) character file.

Game seed: 14870130895283105192

13722 snetch the Cleaver (level 11, -10/99 HPs)
             Began as a Minotaur Berserker on June 9, 2022.
             Was the Champion of Trog.
             Killed by refrigeration
             ... invoked by Fannar
              (26 damage)
             ... on level 10 of the Dungeon on June 11, 2022.
             The game lasted 00:39:30 (11399 turns).

snetch the Cleaver (Minotaur Berserker)            Turns: 11399, Time: 00:39:30

Health: -10/99     AC: 21    Str: 33    XL:     11   Next: 79%
Magic:  10/10      EV: 11    Int:  4    God:    Trog [******]
Gold:   413        SH:  0    Dex:  9    Spells: 10/10 levels left

rFire   . . .      SeeInvis +   a - +14 obsidian axe {vorpal, Mesm Drain Fly SInv}
rCold   . . .      Faith    +   (no shield)
rNeg    . . .      Spirit   .   N - +4 chain mail
rPois   .          Reflect  .   (helmet restricted)
rElec   .          Harm     .   r - scarf {repulsion}
rCorr   .          Rampage  .   q - +0 pair of gloves
Will    .....                   (no boots)
Stlth   ..........              m - amulet of faith
HPRegen 0.26/turn               d - +4 ring of protection
MPRegen 0.12/turn               L - +6 ring of strength

@: flying, mesmerised, repel missiles
A: horns 2, retaliatory headbutt
a: Renounce Religion, Berserk, Trog's Hand, Brothers in Arms


You were on level 10 of the Dungeon.
You worshipped Trog.
Trog was exalted by your worship.
You visited 2 branches of the dungeon, and saw 12 of its levels.
You also visited: Sewer and Bailey.

You collected 455 gold pieces.
You spent 42 gold pieces at shops.

Inventory:

Hand Weapons
 a - the +14 obsidian axe (weapon) {vorpal, Mesm Drain Fly SInv}
   (You took it off a spriggan in a bailey)

   It inflicts extra damage upon your enemies.
   It occasionally summons demons to assist the wielder when it strikes in
   combat.
   Its wielder is mesmerised by any visible foes.
   It cannot be unequipped while any foes are visible.
   SInv:      It lets you see invisible.
   Fly:       It grants you flight.
   Drain:     It drains your maximum health when unequipped.
 b - the +4 mace of Itailel {spect, Drain Will+ rCorr}
   (You took it off an orc on level 5 of the Dungeon)

   When its wielder attacks, the weapon's spirit leaps out and strikes again.
   The spirit shares a part of any damage it takes with its wielder.
   rCorr:     It protects you from acid and corrosion.
   Drain:     It drains your maximum health when unequipped.
   Will:      It increases your willpower.
 c - a +5 morningstar
Missiles
 e - 68 poisoned darts
 i - 332 stones (quivered)
 l - 2 throwing nets
 n - 13 boomerangs
 w - 2 atropa-tipped darts
 D - 3 curare-tipped darts
Armour
 q - a +0 pair of gloves (worn)
 r - a scarf of repulsion (worn)
 t - a scarf of resistance
 N - a +4 chain mail (worn)
Jewellery
 d - a +4 ring of protection (left hand)
 h - an amulet of reflection
 m - an amulet of faith (around neck)
 v - a ring of see invisible
 L - a +6 ring of strength (right hand)
 V - a ring of fire
Wands
 u - a wand of charming (5)
 x - a wand of iceblast (1)
 B - a wand of polymorph (14)
 Q - a wand of flame (15)
 R - a wand of mindburst (13)
Scrolls
 g - 5 scrolls of enchant armour {unknown}
 o - 4 scrolls of enchant weapon
 p - 3 scrolls of poison {unknown}
 y - 3 scrolls of blinking {unknown}
 z - 3 scrolls of vulnerability {unknown}
 E - 6 scrolls of immolation
 G - a scroll of summoning
 H - 2 scrolls of brand weapon {unknown}
 I - a scroll of torment
 J - 10 scrolls of teleportation {unknown}
 M - a scroll of magic mapping
 U - a scroll of fear
 W - a scroll of identify
Potions
 f - 3 potions of brilliance {unknown}
 j - a potion of flight
 k - 3 potions of invisibility
 s - 3 potions of berserk rage {unknown}
 A - 4 potions of heal wounds {unknown}
 C - 2 potions of haste
 F - 4 potions of curing {unknown}
 K - 2 potions of attraction
 O - a potion of lignification
 P - a potion of might
 S - 2 potions of cancellation
 T - 2 potions of magic {unknown}


   Skills:
 + Level 9.8 Fighting
 + Level 12.7(14.2) Axes
 + Level 10.3(13.0) Maces & Flails
 + Level 4.5 Throwing
 + Level 11.0 Armour
 + Level 5.4 Dodging
 + Level 2.4 Stealth


You had 10 spell levels left.
You didn't know any spells.
Your spell library contained the following spells:

 Spells                   Type           Power      Damage    Failure   Level
 Necrotize                Necr           0%         1d4       88%         1
 Frozen Ramparts          Ice            0%         1d2       99%         3
 Ignite Poison            Fire/Tmut/Pois 0%         N/A       99%         3
 Mephitic Cloud           Conj/Pois/Air  0%         N/A       99%         3
 Ozocubu's Armour         Ice            0%         N/A       99%         3
 Stone Arrow              Conj/Erth      0%         3d7       99%         3
 Vampiric Draining        Necr           0%         2d6       99%         3
 Animate Armour           Summ/Erth      0%         N/A       100%        4
 Ice Form                 Ice/Tmut       0%         N/A       100%        4
 Summon Ice Beast         Ice/Summ       0%         N/A       100%        4
 Agony                    Necr           0%         N/A       100%        5
 Freezing Cloud           Conj/Ice/Air   0%         6-21      100%        5
 Metabolic Englaciation   Hex/Ice        0%         N/A       100%        5
 Simulacrum               Ice/Necr       0%         N/A       100%        6
 Lehudib's Crystal Spear  Conj/Erth      0%         10d2      100%        8


Dungeon Overview and Level Annotations

Branches:
Dungeon (11/15)            Temple (1/1) D:6            Lair (0/6) D:9
    Orc (0/2) D:10          Sewer (visited)          Bailey (visited)

Altars:
Ashenzari
Cheibriados
Dithmenos
Elyvilon
Fedhas
Gozag
Hepliaklqana
Kikubaaqudgha
Makhleb
Nemelex Xobeh
Okawaru
Qazlal
Ru
Sif Muna
Trog
Uskayaw
Vehumet
Xom
Yredelemnul
Zin
The Shining One
Beogh

Shops:
D:9 *   D:10 *

Portals:
Trove: D:10 (give +5 demon trident)

Annotations:
D:1 gold behind lava
D:10 Fannar


Innate Abilities, Weirdness & Mutations

You have a pair of horns on your head.
You reflexively headbutt those who attack you in melee.


Message History

The troll is severely wounded.
The troll bites you but does no damage. The troll barely misses you.
The troll claws you but does no damage.
You slice the troll!!
You are no longer entranced.
You kill the troll!
Trog accepts your kill.
The troll leather armour is intact enough to wear.
Things that are here:
a +0 troll leather armour; a troll corpse
There is an open door here.
There is an open door here.
You see here a +0 ring mail.
Fannar the Cold-Hearted comes into view.
They are wielding a staff of cold and wearing a +1 robe of cold resistance.
Visions of slaying Fannar flood into your mind.
Fannar brushes some snowflakes from their robe.
Fannar glares icily.
Fannar drinks a potion.
Fannar seems to speed up.
Fannar hits you but does no damage. Fannar freezes you!
You closely miss Fannar. Fannar hits you but does no damage.
Fannar freezes you!
You slice Fannar like a ripe choko!!! You headbutt Fannar!
Fannar is severely wounded.
Fannar closely misses you. You furiously retaliate!
You headbutt Fannar. Fannar hits you with a staff of cold. Fannar freezes you!
You miss Fannar. You headbutt Fannar!
Fannar is almost dead.
Fannar gestures wildly while chanting.
Fannar drains the heat from the surrounding environment!
Unknown command.
You hit Fannar.
Fannar is almost dead.
Fannar hits you with a staff of cold!
* * * LOW HITPOINT WARNING * * *
Fannar freezes you!
* * * LOW HITPOINT WARNING * * *
Fannar says, "I shall freeze you to your soul!"
Fannar mumbles some strange words.
Fannar drains the heat from the surrounding environment!
You die...

######..#####.. ♣♣....♣♣
#.. ####♣♣......♣♣#..
###..#.§.⌠..⌠.∩♣###
#....#♣♣§.....♣♣#..
######....# ♣.....♣♣ #..
........?.#####..#######
...........####....#....
#....e@...[.......#....
################..#....
#..'.... #..#####
#....... #.......
#....... ########


You could see Fannar (mesmerising, fast).

Vanquished Creatures
  2 boulder beetles
  2 two-headed ogres
  3 deep elf zephyrmancers (D:10)
  An oklob plant (D:7)
  Joseph (D:7)
  A gargoyle (D:10)
  2 komodo dragons
  3 trolls
  A hornet (D:9)
  3 spriggans (Bailey)
  A wyvern (D:11)
  13 yaks
  2 vampire mosquitoes (D:8)
  A basilisk (D:11)
  A steam dragon (Bailey)
  A water moccasin (D:7)
  An acid dragon (D:8)
  4 orc warriors (D:9)
  A sky beast (D:7)
  8 ogres
  A centaur (D:8)
  2 phantoms
  9 kobold brigands
  A gnoll sergeant (D:6)
  2 bullfrogs
  A scorpion (D:5)
  8 wights
  4 killer bees (D:8)
  6 howler monkeys (D:8)
  3 jellies
  6 orc priests
  3 iguanas
  Natasha (thrice) (D:4)
  11 orc wizards
  7 gnolls
  10 adders
  A river rat (Sewer)
  3 white imps
  3 worms
  The ghost of DocClef the Covert, a weakling GnDe (D:5)
  A dart slug (D:1)
  35 orcs
  10 ball pythons
  10 endoplasms
  6 giant cockroaches
  11 goblins
  9 hobgoblins
  7 jackals
  31 kobolds
  6 quokkas
  A bat (D:1)
  2 frilled lizards
  14 rats
  2 bushes (D:7)
282 creatures vanquished.

Vanquished Creatures (collateral kills)
  A yak (D:9)
  A centaur (D:9)
  3 ogres (Bailey)
  An orc priest (D:10)
  A kobold (D:9)
  A bush (D:7)
8 creatures vanquished.

Vanquished Creatures (others)
  14 fungi
  79 plants
93 creatures vanquished.

Grand Total: 383 creatures vanquished

Notes
Turn   | Place    | Note
-------+----------+-------------------------------------------
     0 | D:1      | snetch the Minotaur Berserker began the quest for the Orb.
     0 | D:1      | Reached XP level 1. HP: 19/19 MP: 0/0
   192 | D:1      | Reached XP level 2. HP: 27/27 MP: 1/1
   265 | D:1      | Reached skill level 4 in Axes
   428 | D:2      | Reached XP level 3. HP: 30/33 MP: 2/2
   476 | D:2      | Found a faded altar of an unknown god.
   519 | D:2      | Reached ** piety under Trog
   794 | D:3      | Found a shimmering blue altar of Sif Muna.
  1480 | D:2      | Reached XP level 4. HP: 18/40 MP: 3/3
  1482 | D:2      | Reached skill level 5 in Axes
  2148 | D:4      | Noticed a phantom
  2164 | D:4      | Killed a phantom
  2165 | D:4      | Reached XP level 5. HP: 40/47 MP: 4/4
  2211 | D:4      | Reached skill level 1 in Maces & Flails
  2246 | D:4      | Noticed an ogre
  2259 | D:4      | Killed an ogre
  2260 | D:4      | Reached skill level 6 in Axes
  2260 | D:4      | Reached XP level 6. HP: 49/55 MP: 5/5
  2265 | D:4      | Reached *** piety under Trog
  2398 | D:4      | Noticed Natasha
  2404 | D:4      | Killed Natasha
  2481 | D:4      | Found a glowing drain.
  2488 | Sewer    | Entered a sewer
  2753 | Sewer    | Reached skill level 5 in Fighting
  2883 | Sewer    | Reached XP level 7. HP: 54/61 MP: 6/6
  3210 | Sewer    | Reached **** piety under Trog
  3219 | Sewer    | Reached skill level 5 in Maces & Flails
  3652 | Sewer    | Reached skill level 1 in Throwing
  3994 | D:3      | Found an iron altar of Okawaru.
  4386 | D:4      | Noticed Natasha
  4392 | D:4      | Killed Natasha
  4422 | D:4      | Noticed Natasha
  4430 | D:4      | Killed Natasha
  4460 | D:5      | Entered Level 5 of the Dungeon
  4917 | D:5      | Reached XP level 8. HP: 63/68 MP: 7/7
  5130 | D:5      | Found a runed translucent gate.
  5131 | D:5      | Found a runed translucent gate.
  5132 | D:5      | Found a runed translucent gate.
  5133 | D:5      | Identified the +4 mace of Itailel {spect, Drain Will+
                  | rCorr}
  5133 | D:5      | Noticed DocClef's ghost (weakling GnDe)
  5539 | D:6      | Found a stormy altar of Qazlal.
  5740 | D:5      | Killed DocClef's ghost
  6070 | D:6      | Found a staircase to the Ecumenical Temple.
  6105 | D:6      | Reached skill level 1 in Stealth
  6110 | D:6      | Reached skill level 5 in Armour
  6124 | Temple   | Entered the Ecumenical Temple
  6662 | D:7      | Reached ***** piety under Trog
  6862 | D:8      | Reached skill level 7 in Axes
  7006 | D:8      | Reached XP level 9. HP: 53/77 MP: 8/8
  7012 | D:8      | Reached skill level 5 in Dodging
  7109 | D:8      | Found a flagged portal.
  7150 | Bailey   | Entered a bailey
  7713 | Bailey   | Noticed a two-headed ogre
  7721 | Bailey   | Killed a two-headed ogre
  7722 | Bailey   | Reached XP level 10. HP: 62/86 MP: 9/9
  8104 | D:7      | Found a sparkling altar of Nemelex Xobeh.
  8106 | D:7      | Found a bloodstained altar of Trog.
  8106 | D:7      | Found a white marble altar of Elyvilon.
  8293 | D:7      | Found a blossoming altar of Fedhas.
  8305 | D:7      | Noticed an oklob plant
  8342 | D:7      | Killed an oklob plant
  8343 | D:7      | Reached skill level 10 in Maces & Flails
  8430 | D:7      | Noticed Joseph
  8438 | D:7      | Killed Joseph
  9085 | D:8      | Reached skill level 8 in Axes
  9493 | D:9      | Found an opulent altar of Gozag.
  9494 | D:9      | Found Gozag's Platinum Reserve.
  9570 | D:10     | Entered Level 10 of the Dungeon
  9719 | D:9      | Reached skill level 10 in Armour
  9847 | D:10     | Noticed a deep elf zephyrmancer
  9849 | D:10     | Noticed a deep elf zephyrmancer
  9853 | D:10     | Killed a deep elf zephyrmancer
  9854 | D:10     | Reached skill level 9 in Axes
  9879 | D:9      | Noticed a boulder beetle
  9887 | D:9      | Killed a boulder beetle
  9888 | D:9      | Reached XP level 11. HP: 65/95 MP: 10/10
 10020 | D:9      | Found a broken altar of Ashenzari.
 10070 | D:9      | Received a gift from Trog
 10075 | D:9      | Reached skill level 10 in Axes
 10152 | D:9      | Found a staircase to the Lair.
 10570 | D:10     | Found a portal to a secret trove of treasure.
 10637 | D:10     | Found a hide-covered altar of Uskayaw.
 10659 | D:10     | Reached skill level 11 in Axes
 10724 | D:10     | Noticed a two-headed ogre
 10730 | D:10     | Killed a two-headed ogre
 10791 | D:10     | Found Jainwua's Fire Supplies.
 10804 | D:10     | Bought a scroll of immolation for 42 gold pieces
 10827 | D:10     | Found a staircase to the Orcish Mines.
 10902 | D:10     | Killed a deep elf zephyrmancer
 10934 | D:11     | Reached skill level 12 in Axes
 10962 | D:10     | Noticed a deep elf zephyrmancer
 10971 | D:10     | Killed a deep elf zephyrmancer
 10971 | D:10     | Reached ****** piety under Trog
 11150 | D:11     | Noticed a boulder beetle
 11158 | D:11     | Killed a boulder beetle
 11392 | D:10     | Noticed Fannar
 11399 | D:10     | Killed from afar by Fannar

Illustrated notes

Levels and vault maps discovered:
D:1:      lemuel_arrival_lava_pool, layout_rooms, st_stairs_8
D:2:      minmay_spotlight, layout_basic,
          shapermc_ecumenical_altar_mp_ritualfount, hangedman_glass_teeth
D:3:      layout_basic, nicolae_overflow_crystal_walls,
          okawaru_ov_weapons_minmay
D:4:      corexii_shack_village, layout_basic, gup_sewer_entry_bubbles,
          nrook_campfire, hangedman_abyss_or_decor_stabs, serial_bayou_pond_a,
          uniq_natasha
D:5:      nicolae_cairo_tiling_very_big, layout_basic,
          biasface_ghost_orc_armoury
D:6:      layout_cave_pools, grunt_qazlal_sundering, minmay_temple_entry_ruins
D:7:      layout_loops_ring, tgw_fedhas,
          chequers_temple_overflow_statue_of_worship, uniq_joseph
D:8:      layout_loops_cross, enter_bailey_2
D:9:      layout_rooms, nicolae_gozag_zags_fifth_avenue,
          nicolae_ashenzari_skybound, david_lair_shrubbed,
          minmay_misc_feat_encased, minmay_orc_keep
D:10:     layout_irregular_city, kennysheep_mini, mainiacjoe_overflow_alcove_2,
          erik_orc_3, nicolae_trove_entry_free_sample, nicolae_shop_fire_sale
          [nicolae_sub_dead_trees], bh_hangedman_babel_library, uniq_fannar
D:11:     layout_loops_cross, hangedman_abyss_or_decor_lesser_grid
Temple:   minmay_temple_curvy_loop

Skill      XL: |  1  2  3  4  5  6  7  8  9 10 11 |
---------------+----------------------------------+-----
Axes           | 4 5 6 7 9 12 | 12.7
Fighting       | 4 5 6 7 8 9 |  9.8
Dodging        | 3 4 5 |  5.4
Armour         | 3 4 6 8 10 11 | 11.0
Maces & Flails | 1 4 5 6 9 10 | 10.3
Throwing       | 2 3 4 |  4.5
Stealth        | 1 2 |  2.4

Action                   |  1- 3 |  4- 6 |  7- 9 | 10-12 || total
-------------------------+-------+-------+-------+-------++-------
Melee: Hand axe          |    75 |     6 |     8 |       ||    89
       Headbutt          |     8 |    17 |    25 |    46 ||    96
       Flail             |       |   166 |   117 |       ||   283
       Punch             |       |       |     3 |     3 ||     6
       Mace              |       |       |    94 |     2 ||    96
       Broad axe         |       |       |       |   187 ||   187
Throw: Stone             |       |       |   129 |       ||   129
       Dart              |       |       |    16 |       ||    16
Invok: Berserk           |     1 |       |     2 |       ||     3
       Trog's Hand       |       |       |     4 |       ||     4
       Brothers in Arms  |       |       |     1 |       ||     1
  Use: Scroll            |       |       |     9 |     5 ||    14
 Stab: Betrayed ally     |       |       |       |     1 ||     1
Armor: Animal skin       |     8 |       |       |       ||     8
       Leather armour    |    13 |    47 |       |       ||    60
       Chain mail        |       |    33 |   112 |    79 ||   224
Dodge: Dodged            |    46 |    88 |   114 |    71 ||   319
       Repelled          |       |       |       |     2 ||     2
Block: Other             |    13 |       |       |       ||    13

Table legend: (Time is in decaauts)
 A = Elapsed time spent in this place.
 B = Non-inter-level travel time spent in this place.
 C = Inter-level travel time spent in this place.
 D = Time resting spent in this place.
 E = Time spent auto-exploring this place.
 F = Levels seen in this place.
 G = Mean time per level.
                   A        B        C        D        E       F      G
               +--------+--------+--------+--------+--------+-----+--------+
         Total |  11710 |  11103 |    607 |     15 |   6934 |  14 |  836.4 |
       Dungeon |   9168 |   8566 |    602 |     13 |   5259 |  11 |  833.5 |
        Temple |    196 |    191 |      5 |      0 |      0 |   1 |  196.0 |
         Sewer |   1435 |   1435 |      0 |      0 |   1031 |   1 | 1435.0 |
        Bailey |    910 |    910 |      0 |      2 |    643 |   1 |  910.0 |
               +--------+--------+--------+--------+--------+-----+--------+

Top non-repeatable levels by time:
   Sewer: 1435 daAuts
     D:2: 1392 daAuts
     D:9: 1147 daAuts
     D:7: 1139 daAuts
     D:5: 1006 daAuts
     D:4: 985 daAuts
  Bailey: 910 daAuts
     D:3: 905 daAuts
     D:8: 867 daAuts
    D:10: 703 daAuts
     D:6: 571 daAuts
     D:1: 406 daAuts
  Temple: 196 daAuts
    D:11: 42 daAuts
